 Dungeon Crawl Stone Soup version 0.31-a0-108-gdf935468f2 (webtiles) character file.

Game seed: 13755078513068326212

8 Esekla the Sneak (level 2, 21/21 HPs)
             Began as an Octopode Delver on May 27, 2023.
             Quit the game in the Ecumenical Temple.
             The game lasted 00:03:54 (396 turns).

Esekla the Sneak (Octopode Delver)                   Turns: 396, Time: 00:03:56

Health: 21/21      AC:  1    Str: 11    XL:     2   Next: 8%
Magic:  2/2        EV: 13    Int: 12    God:
Gold:   14         SH:  0    Dex: 13    Spells: 1/1 levels left

rFire   . . .        a - +0 falchion
rCold   . . .        (no shield)
rNeg    . . .        (helmet restricted)
rPois   .            (no amulet)
rElec   .            c - ring of wizardry
rCorr   .            (no ring)
SInv    .            (no ring)
Will    .....        (no ring)
Stlth   ++++         (no ring)
HPRegen 0.23/turn    (no ring)
MPRegen 0.08/turn    (no ring)
                     (no ring)

%: wizardry (x1)
@: no status effects
A: almost no armour, amphibious, 8 rings, camouflage 1, gelatinous body 1,
(nimble swimmer 1), tentacles
a: no special abilities


You were in the Ecumenical Temple.
You visited 2 branches of the dungeon, and saw 2 of its levels.

You collected 14 gold pieces.

Inventory:

Hand Weapons
 a - a +0 falchion (weapon)
Jewellery
 c - a ring of wizardry (left tentacle)
Wands
 f - a wand of digging (3)
Scrolls
 b - a scroll of fog
Potions
 e - a potion of haste


   Skills:
 * Level 3.1 Fighting
 * Level 2.0 Long Blades
 * Level 2.1 Dodging
 + Level 6.8 Stealth
 * Level 0.2 Spellcasting


You had one spell level left.
You didn't know any spells.
Your spell library was empty.

Dungeon Overview and Level Annotations

Branches:
Dungeon (5/15)             Temple (1/1) D:5

Altars:
Ashenzari
Cheibriados
Dithmenos
Elyvilon
Fedhas
Hepliaklqana
Kikubaaqudgha
Makhleb
Nemelex Xobeh
Okawaru
Qazlal
Ru
Sif Muna
Trog
Uskayaw
Xom
Zin
The Shining One

Shops:
D:5 (


Innate Abilities, Weirdness & Mutations

You cannot wear most types of armour.
You are amphibious.
You can wear up to eight rings at the same time.
Your skin changes colour to match your surroundings (Stealth+).
Your rubbery body absorbs attacks. (AC +1, EV +1)
((You are camouflaged when in or above water. (Stealth+)))
You have tentacles for arms and can constrict up to eight enemies at once.


Message History

There is an open door here.
You open the door.
Found a glowing golden altar of the Shining One.
You open the door.
Found a glowing silver altar of Zin.
There is an open door here.
You open the door.
Found a hide-covered altar of Uskayaw.
You open the door.
Found a white marble altar of Elyvilon.
You open the door.
Found a shimmering blue altar of Sif Muna.
There is an open door here.
You open the door.
Found an iron altar of Okawaru.
You open the door.
Found a bloodstained altar of Trog.
There is an open door here.
You open the door.
Found a stormy altar of Qazlal.
You open the door.
Found a sacrificial altar of Ru.
You open the door.
Found a shimmering altar of Xom.
There is an open door here.
You open the door.
Found an ancient bone altar of Kikubaaqudgha.
You open the door.
Found a snail-covered altar of Cheibriados.
There is an open door here.
There is a fountain of clear blue water here.
As you open the door, it creaks loudly!
Found a blossoming altar of Fedhas.
There is an open door here.
Done exploring.
Search for what [? for help]?
Gozag Can't find anything matching that.
Unknown command.
Unknown command.
Are you sure you want to abandon this character and quit the game? (Confirm with "yes".)

############################
#......................<....
#.#######'#############..###
#.#._..#..#...#.._.#..#..#..
#.#....#_.#._.#....#..'..'._
#.####'####...#'#######..#..
#......#_.#...#.#._#..#.####
#.####.#..#@###.#..#._#.#...
#.#_.#.#'##..⌠..##'#..#.#...
#.#..'.............#'##.#...
#.####'###.####'##......'_..
#.#_.#...#.'..#..#'#########
#.#..#._.#.#._#_.#....#_.#_.
#.#..#...#.####..#.._.#..#..
#.##'#####..⌠.#########'####
#...........................


There were no monsters in sight!

Vanquished Creatures
  4 orcs (D:5)
4 creatures vanquished.

Notes
Turn   | Place    | Note
-------+----------+-------------------------------------------
     0 | D:5      | Esekla the Octopode Delver began the quest for the Orb.
     0 | D:5      | Reached XP level 1. HP: 16/16 MP: 1/1
     4 | D:5      | Noticed a scorpion
    17 | D:5      | Found a sparkling altar of Nemelex Xobeh.
   102 | D:5      | Reached XP level 2. HP: 12/21 MP: 2/2
   158 | D:5      | Noticed a scorpion
   180 | D:5      | Found Hagraa's Antique Weapon Shoppe.
   210 | D:5      | Found a staircase to the Ecumenical Temple.
   219 | Temple   | Entered the Ecumenical Temple
   396 | Temple   | Quit the game

Illustrated notes

Levels and vault maps discovered:
D:5:      minmay_angry_zag, layout_basic, nemelex_altar_shiori,
          minmay_temple_entry_arrows, serial_shops, nicolae_shop_peninsula
Temple:   bh_familiar_temple

Action                     || total
---------------------------++-------
  Melee: Falchion          ||     9
         Constrict         ||     4
         Tentacles         ||     3
    Use: Scroll            ||     2
  Dodge: Dodged            ||     4

Table legend: (Time is in decaauts)
 A = Elapsed time spent in this place.
 B = Non-inter-level travel time spent in this place.
 C = Inter-level travel time spent in this place.
 D = Time resting spent in this place.
 E = Time spent auto-exploring this place.
 F = Levels seen in this place.
 G = Mean time per level.
                   A        B        C        D        E       F      G
               +--------+--------+--------+--------+--------+-----+--------+
         Total |    397 |    397 |      0 |     40 |    172 |   2 |  198.5 |
       Dungeon |    220 |    220 |      0 |     40 |      0 |   1 |  220.0 |
        Temple |    176 |    176 |      0 |      0 |    172 |   1 |  176.0 |
               +--------+--------+--------+--------+--------+-----+--------+

Top non-repeatable levels by time:
     D:5: 220 daAuts
  Temple: 176 daAuts
